 Dungeon Crawl Stone Soup version 0.19-a0-1886-gd64a0f0 (webtiles) character file.

25 Amnesiac the Gusty (level 3, 0/19 HPs)
             Began as a Tengu Air Elementalist on Oct 15, 2016.
             Slain by a bat (1 damage)
             ... on level 2 of the Dungeon.
             The game lasted 00:02:52 (526 turns).

Amnesiac the Gusty (Tengu Air Elementalist)          Turns: 526, Time: 00:02:53

Health: 0/19       AC:  3    Str:  8    XL:     3   Next: 4%
Magic:  6/7        EV: 12    Int: 16    God:
Gold:   28         SH:  0    Dex: 14    Spells: 3 memorised, 0 levels left

rFire  . . .     SeeInvis +     (no weapon)
rCold  . . .     Gourm    .     a - +0 robe
rNeg   . . .     Faith    .     (no shield)
rPois  .         Spirit   .     e - +1 hat {SInv}
rElec  .         Dismiss  .     (no cloak)
rCorr  .         Reflect  .     (no gloves)
MR     .....     Harm     .     (boots unavailable)
Stlth  ++........               (no amulet)
                                (no ring)
                                (no ring)

@: lethally poisoned (0 -> -6), repel missiles
A: beak, talons 3
a: no special abilities


You were on level 2 of the Dungeon.
You were not hungry.

You visited 1 branch of the dungeon, and saw 3 of its levels.

You collected 28 gold pieces.

Inventory:

Armour
 a - a +0 robe (worn)
 e - a +1 hat of see invisible (worn)
Potions
 d - a potion of magic {unknown}
Books
 b - a book of Air

   Spells                             Type                      Level
   a - Shock                          Conjuration/Air              1
   b - Swiftness                      Charms/Air                   2
   c - Repel Missiles                 Charms/Air                   2
   d - Static Discharge               Conjuration/Air              3
   e - Lightning Bolt                 Conjuration/Air              5
Comestibles
 c - a bread ration


   Skills:
 - Level 2.1 Dodging
 - Level 2.0 Stealth
 + Level 2.1 Spellcasting
 + Level 2.2 Conjurations
 * Level 4.9 Air Magic


You couldn't memorise any spells.
You knew the following spells:

 Your Spells              Type           Power        Failure   Level  Hunger
a - Repel Missiles        Chrm/Air       #.....       12%         2    ###....
f - Static Discharge      Conj/Air       ##......     14%         3    ###....
z - Shock                 Conj/Air       ##..         6%          1    #......


Dungeon Overview and Level Annotations

Branches:
Dungeon (3/15)

Altars:
Elyvilon

Annotations:
D:3 Philosophy's ghost, weakling MiBe


Innate Abilities, Weirdness & Mutations

You have a beak for a mouth.
You have claws for feet.


Message History

A worm comes into view.
A bat and an adder come into view.
There is an open door here.
The bat hits you but does no damage.
You closely miss the bat. The bat closely misses you. The bat hits you.
The bat barely misses you. x2; The adder misses you.
There is an open door here.
You completely miss the bat. Your peck misses the bat.
The bat barely misses you. x2; The adder misses you.
You barely miss the bat. Your kick misses the bat.
The bat hits you but does no damage. The adder bites you.
You are lethally poisoned!
The adder poisons you! The worm barely misses you.
You feel sick. The bat closely misses you. The adder bites you.
* * * LOW HITPOINT WARNING * * *
Okay, then.
The bat barely misses you.
* * * LOW HITPOINT WARNING * * *
You feel sick. The bat barely misses you. The bat hits you.
You die...

#.# #.##### ##
#######...... .#
#####..........#####.#
.....................#
....8................#
...8.8..............##
..8._.8.........b...#
...8.8........##@##########
..w.8....†....##S##........
.#.##
..............w...'w.......
.l...
.......##...#.#####.......#
...## ....#####...#..#
#........ .......#....##.#
#........ ....##.#....# .#
#........ ....##.#.#### ..
#######.# ....##.#.# #.# #


You could see an adder and a bat.

Vanquished Creatures
  An adder (D:2)
  2 dart slugs (D:3)
  An orc (D:3)
  3 giant cockroaches
  A quokka (D:3)
  A bat (D:1)
  A frilled lizard (D:2)
  2 kobolds
12 creatures vanquished.

Notes
Turn   | Place    | Note
-------+----------+-------------------------------------------
     0 | D:1      | Amnesiac the Tengu Air Elementalist began the quest for the Orb.
     0 | D:1      | Reached XP level 1. HP: 10/10 MP: 4/4
   126 | D:3      | Found a white marble altar of Elyvilon.
   229 | D:3      | Reached XP level 2. HP: 15/15 MP: 0/6
   290 | D:3      | Learned a level 2 spell: Repel Missiles
   358 | D:3      | Noticed Philosophy's ghost (weakling MiBe)
   398 | D:2      | Found a faded altar of an unknown god.
   421 | D:2      | Reached XP level 3. HP: 8/19 MP: 0/7
   449 | D:2      | Learned a level 3 spell: Static Discharge
   526 | D:2      | Slain by a bat

Vault maps used:
D:1:      minmay_arrival_wavy_path
D:2:      ecumenical_altar_2
D:3:      nicolae_overflow_hidden_temple, vehumet_crystals, elyvilon_altar_4,
          led_xom_imps, first_bread

Skill      XL: |  1 |
---------------+----+-----
Conjurations   | 2 |  2.2
Dodging        | |  2.1
Stealth        | |  2.0
Spellcasting   | |  2.1
Air Magic      | |  4.9

Action                   || total
-------------------------++-------
Melee: Unarmed           ||     3
 Cast: Shock             ||    29
       Repel Missiles    ||     1
       Static Discharge  ||     1
  Use: Scroll            ||     3
Armor: Robe              ||     4
Dodge: Dodged            ||    20
